 Dungeon Crawl Stone Soup version 0.26.1-11-gd32895ea62 (webtiles) character file.

Game seed: 18426849595659190087

8137 Jerry the Cleaver (level 11, -8/87 HPs)
             Began as a Demonspawn Gladiator on June 30, 2021.
             Was an Initiate of Gozag.
             Splashed by an oklob plant's acid (9 damage)
             ... on level 1 of the Lair of Beasts.
             The game lasted 00:31:55 (14211 turns).

Jerry the Cleaver (Demonspawn Gladiator)           Turns: 14211, Time: 00:31:56

Health: -8/87      AC:  3    Str: 18    XL:     11   Next: 6%
Magic:  0/11       EV: 10    Int:  9    God:    Gozag
Gold:   1454       SH:  0    Dex: 15    Spells: 10/10 levels left

rFire    . . .     SeeInvis .   b - +5 hand axe (vamp)
rCold    . . .     Faith    .   (no shield)
rNeg     . . .     Spirit   +   m - +0 chain mail
rPois    +         Reflect  .   j - +2 hat
rElec    .         Harm     .   y - +0 cloak
rCorr    .         Rampage  .   v - +0 pair of gloves
Will     +....                  (boots unavailable)
Stlth    ..........             (no amulet)
HPRegen  0.24/turn              F - ring of poison resistance
MPRegen  0.24/turn              t - ring of willpower

@: corroded
A: hooves 3, blink, demonic guardian 1, magic shield, magic regeneration, sturdy
frame 2
a: Blink, Renounce Religion, Potion Petition, Call Merchant, Bribe Branch


You were on level 1 of the Lair of Beasts.
You worshipped Gozag.
Gozag was most pleased with you.
You visited 2 branches of the dungeon, and saw 11 of its levels.
You also visited: Ossuary.

You collected 1519 gold pieces.
You paid 65 gold pieces to Gozag.

Inventory:

Hand Weapons
 a - a +0 war axe
 b - a +5 vampiric hand axe (weapon)
 o - the cursed +1 spear of Wyrd {antimagic, +Rage rC+ Will- Int+3, unknown}
   (You found it on level 8 of the Dungeon)

   It reduces the magical energy of the wielder, and disrupts the spells and
   magical abilities of those hit.
   Natural abilities and divine invocations are not affected.
   It affects your intelligence (+3).
   It protects you from cold.
   It affects your willpower, your defense against some magical effects.
   It lets you go berserk.
   It has a curse placed upon it.
Missiles
 d - a throwing net (quivered)
Armour
 c - a +0 helmet
 j - a +2 hat (worn)
 m - a +0 chain mail (worn)
 v - a +0 pair of gloves (worn)
 y - a +0 cloak (worn)
 H - a +0 buckler
Jewellery
 r - an uncursed ring of ice
 t - a ring of willpower (right hand)
 w - an uncursed ring of stealth
 x - an uncursed ring of protection from fire
 F - a ring of poison resistance (left hand)
Wands
 p - a wand of flame (11)
 q - a wand of iceblast (8)
 E - a wand of disintegration (19)
Scrolls
 e - a scroll of noise
 f - 3 scrolls of enchant weapon
 g - 7 scrolls of teleportation
 h - 4 scrolls of identify
 i - 5 scrolls of fog
 n - 4 scrolls of remove curse
 u - 3 scrolls of fear
Potions
 k - 7 potions of curing
 l - a potion of ambrosia {unknown}
 z - 4 potions of haste
 A - 2 potions of brilliance
 B - a potion of lignification
 C - 2 potions of might
 G - a potion of resistance {unknown}
 J - 2 potions of heal wounds {unknown}
 K - a potion of flight {unknown}
 L - a potion of invisibility {unknown}
Miscellaneous
 s - a lightning rod (4/4)


   Skills:
 + Level 8.4 Fighting
 * Level 10.9 Axes
 - Level 1.7 Throwing
 + Level 7.4 Armour
 - Level 2.6 Dodging
 + Level 4.6 Shields


You had 10 spell levels left.
You didn't know any spells.
Your spell library contained the following spells:

 Spells                   Type           Power        Failure   Level
 Magic Dart               Conj           0%           80%         1
 Blink                    Tloc           N/A          91%         2
 Call Imp                 Summ           0%           91%         2
 Slow                     Hex            0%           91%         2
 Conjure Flame            Conj/Fire      0%           99%         3
 Mephitic Cloud           Conj/Pois/Air  0%           99%         3
 Haunt                    Necr/Summ      0%           100%        7
 Borgnjor's Revivificati  Necr           0%           100%        8
 Infestation              Necr           0%           100%        8
 Necromutation            Tmut/Necr      0%           100%        8
 Death's Door             Necr           0%           100%        9


Dungeon Overview and Level Annotations

Branches:
Dungeon (10/15)            Temple (0/1) D:7            Lair (1/6) D:10
    Orc (0/2) D:10        Ossuary (visited)

Altars:
Ashenzari
Cheibriados
Elyvilon
Gozag
Hepliaklqana
Kikubaaqudgha
Makhleb
Nemelex Xobeh
Qazlal
Ru
Sif Muna
Yredelemnul
The Shining One

Shops:
D:6 [

Annotations:
Lair:1 exclusion: oklob plant


Innate Abilities, Weirdness & Mutations

You have hooves in place of feet.
A weak demonic guardian rushes to your aid.
When hurt, damage is shared between your health and your magic reserves.
You regenerate magic rapidly.
Your movements are less encumbered by armour. (ER -4)
You can translocate small distances at will.


Message History

You hit the oklob plant but do no damage.
You kick the oklob plant, but do no damage.
The oklob plant is severely damaged.
The oklob plant spits acid at you. The splash of acid hits you!
* * * LOW HITPOINT WARNING * * *
You are splashed with acid!
* * * LOW HITPOINT WARNING * * *
Your white imp gestures at the oklob plant.
The puff of frost hits the oklob plant!
You strike the helpless oklob plant from behind!
You hit the oklob plant but do no damage.
You kick the oklob plant, but do no damage.
The oklob plant is severely damaged.
The oklob plant spits acid at you. The splash of acid hits you.
* * * LOW HITPOINT WARNING * * *
You are splashed with acid!
You die...
Your body crumbles into a pile of gold.

.......................P#P.......
........................#........
.................................
.................................
.............######.#............
.............#########...........
.............##5!(..#............
.............##?5$##.#...........
.............##P@.####...........
.............#######.............
..............######.............
...(.............................
.................................
.................................
.................................
.................................
.................................


You could see an oklob plant, a friendly white imp (summoned) and a friendly
shadow imp (summoned).

Vanquished Creatures
  A stone giant (D:10)
  A two-headed ogre (D:10)
  An elephant (D:10)
  2 cane toads (Lair:1)
  2 komodo dragons (Lair:1)
  A troll (D:10)
  A wyvern (D:10)
  Eustachio (D:5)
  2 basilisks
  Menkaure (Ossuary)
  2 water moccasins
  Duvessa (D:4)
  3 ice beasts
  A sky beast (D:9)
  3 black bears
  3 orc warriors
  A phantom (D:4)
  A necrophage (D:9)
  4 ogres
  5 wolves (Lair:1)
  5 centaurs
  4 bullfrogs
  Dowan (D:4)
  2 scorpions
  2 bullfrog zombies
  A quasit (D:6)
  6 hounds
  4 jellies
  Crazy Yiuf (D:5)
  A bullfrog skeleton (D:5)
  2 centaur skeletons (D:6)
  Ijyb (D:3)
  2 orc wizards
  5 orc priests
  Natasha (D:3)
  2 iguanas
  3 worker ants
  Terence (D:2)
  A hound skeleton (D:6)
  4 mummies
  A worker ant zombie (D:6)
  2 howler monkey skeletons
  14 adders
  4 gnolls (D:7)
  A white imp (D:5)
  An ufetubus (D:9)
  2 adder skeletons
  An adder zombie (D:5)
  7 worms
  2 dart slugs (D:1)
  4 leopard geckos
  37 orcs
  5 bats
  2 giant cockroaches
  4 hobgoblins
  8 kobolds
  6 quokkas
  6 frilled lizards
  2 gnoll skeletons (Ossuary)
  5 gnoll zombies (Ossuary)
  5 goblins
  4 goblin skeletons (Ossuary)
  2 goblin zombies (Ossuary)
  2 hobgoblin skeletons (Ossuary)
  7 hobgoblin zombies (Ossuary)
  A jackal skeleton (D:4)
  A jackal zombie (D:5)
  10 kobold skeletons (Ossuary)
  2 kobold zombies (Ossuary)
  A leopard gecko skeleton (D:4)
  A leopard gecko zombie (D:6)
  6 orc skeletons (Ossuary)
  5 orc zombies (Ossuary)
  5 rats
  A rat skeleton (Ossuary)
  3 rat zombies (Ossuary)
  A bush (Lair:1)
257 creatures vanquished.

Vanquished Creatures (others)
  A human (D:8)
  An orc (D:9)
  An orc zombie (Ossuary)
  2 fungi (D:10)
5 creatures vanquished.

Grand Total: 262 creatures vanquished

Notes
Turn   | Place    | Note
-------+----------+-------------------------------------------
     0 | D:1      | Jerry the Demonspawn Gladiator began the quest for the Orb.
     0 | D:1      | Reached XP level 1. HP: 16/16 MP: 1/1
   218 | D:1      | Reached skill level 3 in Axes
   218 | D:1      | Gained mutation: Your movements are slightly less
                  | encumbered by armour. (ER -2) [demonic ancestry]
   218 | D:1      | Reached XP level 2. HP: 22/22 MP: 2/2
   982 | D:2      | Reached skill level 1 in Armour
   982 | D:2      | Gained mutation: Your movements are less encumbered by
                  | armour. (ER -4) [demonic ancestry]
   982 | D:2      | Reached XP level 3. HP: 6/28 MP: 3/3
  2079 | D:2      | Found a hazy altar of Hepliaklqana.
  2079 | D:2      | Found a stormy altar of Qazlal.
  2156 | D:2      | Reached XP level 4. HP: 34/34 MP: 4/4
  2670 | D:3      | Noticed Terence
  2822 | D:2      | Killed Terence
  2823 | D:2      | Reached skill level 4 in Axes
  2921 | D:3      | Gained mutation: When hurt, damage is shared between your
                  | health and your magic reserves. [demonic ancestry]
  2921 | D:3      | Reached XP level 5. HP: 41/41 MP: 5/5
  3277 | D:3      | Noticed Ijyb
  3312 | D:3      | Killed Ijyb
  3435 | D:3      | Noticed Natasha
  3440 | D:3      | Killed Natasha
  3544 | D:3      | Reached XP level 6. HP: 47/47 MP: 6/6
  4096 | D:4      | Reached skill level 5 in Axes
  4178 | D:4      | Gained mutation: You have large cloven feet. [demonic
                  | ancestry]
  4178 | D:4      | Reached XP level 7. HP: 46/54 MP: 5/7
  4669 | D:4      | Noticed Duvessa
  4672 | D:4      | Noticed Dowan
  4687 | D:4      | Killed Duvessa
  4708 | D:4      | Killed Dowan
  4709 | D:4      | Reached skill level 6 in Axes
  4762 | D:4      | Found a burning altar of Makhleb.
  5139 | D:5      | Entered Level 5 of the Dungeon
  5161 | D:5      | Noticed Eustachio
  5314 | D:5      | Killed Eustachio
  5602 | D:5      | Reached XP level 8. HP: 61/61 MP: 8/8
  5610 | D:5      | Reached skill level 5 in Fighting
  5637 | D:5      | Found a runed translucent door.
  5638 | D:5      | Noticed Crazy Yiuf
  5644 | D:5      | Killed Crazy Yiuf
  5729 | D:5      | Reached skill level 7 in Axes
  6174 | D:6      | Found Riogiz's Antique Armour Shoppe.
  6468 | D:6      | Found an opulent altar of Gozag.
  6468 | D:6      | Found a glowing golden altar of the Shining One.
  6468 | D:6      | Found a sparkling altar of Nemelex Xobeh.
  6469 | D:6      | Found an ancient bone altar of Kikubaaqudgha.
  6474 | D:6      | Found a shimmering blue altar of Sif Muna.
  6477 | D:6      | Found a basalt altar of Yredelemnul.
  6480 | D:6      | Became a worshipper of Gozag Ym Sagoz the Greedy
  6516 | D:7      | Reached skill level 8 in Axes
  6516 | D:7      | Reached skill level 5 in Armour
  6883 | D:6      | Gained mutation: You have hoof-like feet. [demonic
                  | ancestry]
  6883 | D:6      | Reached XP level 9. HP: 15/69 MP: 3/9
  7162 | D:7      | Found a broken altar of Ashenzari.
  7433 | D:7      | Found a sacrificial altar of Ru.
  7488 | D:7      | Found a staircase to the Ecumenical Temple.
  7804 | D:7      | Found a snail-covered altar of Cheibriados.
  8196 | D:8      | Found a sand-covered staircase.
  8217 | D:8      | Found an ancient bone altar of Kikubaaqudgha.
  8244 | Ossuary  | Entered an ossuary
  8750 | Ossuary  | Noticed Menkaure
  8756 | Ossuary  | Killed Menkaure
  8757 | Ossuary  | Reached skill level 1 in Shields
  9196 | D:8      | Got a translucent ring mail
  9209 | D:8      | Identified the +4 ring mail "Ceohani" {-Tele rC+ Str+3
                  | Dex+4} (You found it on level 8 of the Dungeon)
  9244 | D:8      | Got an iridescent spear
  9427 | D:8      | Reached skill level 9 in Axes
  9742 | D:9      | Noticed a two-headed ogre
 10205 | D:9      | Found a white marble altar of Elyvilon.
 10304 | D:10     | Entered Level 10 of the Dungeon
 10308 | D:10     | Noticed a troll
 10309 | D:10     | Noticed an elephant
 10310 | D:10     | Found a staircase to the Lair.
 10319 | D:10     | Gained mutation: You regenerate magic rapidly. [demonic
                  | ancestry]
 10319 | D:10     | Reached XP level 10. HP: 75/79 MP: 8/10
 10419 | D:10     | Found a staircase to the Orcish Mines.
 10843 | D:10     | Killed a two-headed ogre
 10844 | D:10     | Reached skill level 10 in Axes
 11319 | D:10     | Killed an elephant
 11895 | D:10     | Noticed a stone giant
 11911 | D:10     | Killed a stone giant
 12227 | D:10     | Gained mutation: You have hooves in place of feet. [potion
                  | of mutation]
 12227 | D:10     | Gained mutation: You can translocate small distances at
                  | will. [potion of mutation]
 12321 | Lair:1   | Entered Level 1 of the Lair of Beasts
 12513 | Lair:1   | Noticed a cane toad
 12787 | Lair:1   | Noticed a cane toad
 12797 | Lair:1   | Killed a cane toad
 13096 | Lair:1   | Noticed an oklob plant
 13468 | Lair:1   | Gained mutation: A weak demonic guardian rushes to your
                  | aid. [demonic ancestry]
 13468 | Lair:1   | Reached XP level 11. HP: 54/87 MP: 6/11
 14210 | Lair:1   | HP: 3/87 [acid (13)]
 14211 | Lair:1   | HP: 1/87 [oklob plant/splash of acid (2)]
 14211 | Lair:1   | Splashed by an oklob plant's acid

Illustrated notes

Levels and vault maps discovered:
D:1:      minmay_arrival_plants_in_alcoves, layout_basic, minmay_domino_2
D:2:      layout_loops_ring, gammafunk_temple_overflow_elements,
          serial_aquarium, aquarium_bridge_square [aquarium_subvault_balcony,
          aquarium_subvault_bridge, aquarium_subvault_window,
          aquarium_subvault_balcony], aquarium_bridge_long_joined
          [aquarium_subvault_window, aquarium_subvault_bridge,
          aquarium_subvault_window, aquarium_subvault_bridge,
          aquarium_subvault_bridge, aquarium_subvault_wall],
          aquarium_window_corridor_3, aquarium_window_fake, aquarium_window_2,
          aquarium_window_1, aquarium_view_2d, aquarium_balcony_3b,
          aquarium_pool_five
D:3:      layout_loops_corners, uniq_terence, uniq_natasha, uniq_ijyb
D:4:      layout_basic, makhleb_altar_promises_db, uniq_duvessa
D:5:      layout_rooms, uniq_crazy_yiuf_cottage, uniq_eustachio
D:6:      layout_rooms, minitemple, serial_shops, nicolae_shop_behind_doors
D:7:      layout_rooms, slow_altar_2, ashenzari_altar_1,
          minmay_temple_entry_glass, eino_curves_01,
          nicolae_ru_sacrificial_ziggurat
D:8:      layout_loops_ring, enter_ossuary_1, enter_bailey_2, tgw_kikubaaqudgha
D:9:      layout_roguey, minmay_holes, elyvilon_altar_4
D:10:     layout_loops_ring, david_lair_generic, orc_0_dummy,
          kennysheep_just_a_vault
Lair:1:   layout_cave_shapes, minmay_lair_oklob_items

Skill      XL: |  1  2  3  4  5  6  7  8  9 10 |
---------------+-------------------------------+-----
Axes           | 3 4 5 6 8 9 10 | 10.9
Armour         | 1 2 3 4 5 6 7 |  7.4
Fighting       | 3 4 6 7 8 |  8.4
Shields        | 2 4 |  4.6
Throwing       | |  1.7
Dodging        | |  2.6

Action                   |  1- 3 |  4- 6 |  7- 9 | 10-12 || total
-------------------------+-------+-------+-------+-------++-------
Melee: War axe           |   108 |    43 |       |       ||   151
       Hand axe          |       |   107 |   487 |   246 ||   840
       Kick              |       |       |   149 |   115 ||   264
Throw: Throwing net      |       |     1 |     2 |     2 ||     5
Evoke: Wand              |       |     5 |       |       ||     5
  Use: Potion            |     1 |       |       |     1 ||     2
       Scroll            |       |       |    21 |     1 ||    22
 Stab: Sleeping          |     1 |       |       |       ||     1
       Held in net/web   |       |     1 |     1 |       ||     2
       Distracted        |       |       |       |     2 ||     2
Armor: Leather armour    |    28 |     2 |       |       ||    30
       Chain mail        |       |    48 |   258 |   143 ||   449
Dodge: Dodged            |    74 |    74 |   253 |    79 ||   480
